 Dungeon Crawl Stone Soup version 0.29.1-4-g47bece8355 (webtiles) character file.

Game seed: 95053731189583823

129 mortz the Conjurer (level 5, -2/34 HPs)
             Began as an Octopode Conjurer on Dec 2, 2022.
             Slain by a worm (5 damage)
             ... on level 3 of the Dungeon.
             The game lasted 00:12:12 (3152 turns).

mortz the Conjurer (Octopode Conjurer)              Turns: 3152, Time: 00:12:12

Health: -2/34      AC:  1    Str:  7    XL:     5   Next: 12%
Magic:  4/9        EV: 13    Int: 22    God:
Gold:   67         SH:  0    Dex: 10    Spells: 6/9 levels left

rFire   . . .      SeeInvis .   j - +1 dagger (speed)
rCold   . . .      Faith    .   (no shield)
rNeg    . . .      Spirit   .   (helmet restricted)
rPois   .          Reflect  .   (no amulet)
rElec   .          Harm     .   (no ring)
rCorr   .          Rampage  .   (no ring)
Will    .....                   (no ring)
Stlth   ++++......              (no ring)
HPRegen 0.11/turn               (no ring)
MPRegen 0.11/turn               (no ring)
                                (no ring)
                                (no ring)

@: mighty
A: almost no armour, amphibious, 8 rings, camouflage 1, gelatinous body 1,
nimble swimmer 1, tentacles
a: no special abilities


You were on level 3 of the Dungeon.
You visited 1 branch of the dungeon, and saw 3 of its levels.

You collected 67 gold pieces.

Inventory:

Hand Weapons
 b - a +0 dagger
 f - a +0 short sword
 j - a +1 dagger of speed (weapon)
 k - a +0 dagger of draining
 m - a +0 spear
Missiles
 g - 6 poisoned darts
Wands
 h - a wand of flame (22)
Scrolls
 c - a scroll of acquirement {unknown}
 d - 2 scrolls of identify
 i - a scroll of vulnerability {unknown}
Potions
 a - 2 potions of magic
 e - a potion of lignification


   Skills:
 + Level 2.1 Fighting
 - Level 2.0 Dodging
 - Level 2.6 Stealth
 + Level 2.8 Spellcasting
 * Level 5.2 Conjurations


You had 6 spell levels left.
You knew the following spells:

 Your Spells              Type           Power      Damage    Failure   Level
a - Magic Dart            Conj           100%       1d8       1%          1
b - Searing Ray           Conj           52%        2d6       2%          2

Your spell library contained the following spells:

 Spells                   Type           Power      Damage    Failure   Level
 Dazzling Flash           Conj/Hex       28%        N/A       13%         3
 Fulminant Prism          Conj/Hex       7%         3d7       38%         4
 Iskenderun's Mystic Bla  Conj/Tloc      14%        2d5       38%         4


Dungeon Overview and Level Annotations

Branches:
Dungeon (3/15) Zot: 14854

Altars:

Portals:
Sewer: D:3

Annotations:
D:2 1 runed translucent door, Crazy Yiuf


Innate Abilities, Weirdness & Mutations

You cannot wear most types of armour.
You are amphibious.
You can wear up to eight rings at the same time.
Your skin changes colour to match your surroundings (Stealth+).
Your rubbery body absorbs attacks. (AC +1, EV +1)
You are camouflaged when in or above water. (Stealth+)
You have tentacles for arms and can constrict up to eight enemies at once.


Message History

You hit the river rat. Your grab misses the river rat.
Your tentacle-slap misses the river rat.
You squeeze the river rat.
You kill the river rat!
You have reached level 5!
You feel stronger.
You hit the river rat but do no damage. Your grab misses the river rat.
Your squeeze misses the river rat. The river rat bites you.
* * * LOW HITPOINT WARNING * * *
You barely miss the river rat. Your grab misses the river rat.
You squeeze the river rat.
The river rat is heavily wounded.
The river rat misses you.
You hit the river rat but do no damage. Your grab misses the river rat.
The river rat is heavily wounded.
You barely miss the river rat. You grab the river rat.
You squeeze the river rat.
The river rat is almost dead.
You constrict the river rat, but do no damage.
The river rat closely misses you.
You hit the river rat but do no damage.
The river rat is almost dead.
You constrict the river rat, but do no damage.
The river rat barely misses you.
You hit the river rat.
You kill the river rat!
You open the door.
You hear the quick rusting of a drain.
A ball python, a rat and a worm come into view.
Found a glowing drain.
There is an open door here.
You hit the rat.
You kill the rat!
The ball python hisses angrily.
You closely miss the ball python. Your grab misses the ball python.
Your squeeze misses the ball python. The ball python barely misses you. x2
You feel very mighty all of a sudden. The ball python bites you.
* * * LOW HITPOINT WARNING * * *
The ball python barely misses you. The worm bites you.
You die...

##########
#.~~~#~~~#
##.~.~+~S~#
##..~~~#~w@#
#....~~###'# ##
#.#..~~†~~~# . #.
#......~~~~#
#.#.###.#......~.#
#.#..............#
#....###.#########
###......#
.....#####


You could see a worm and a ball python.

Vanquished Creatures
  2 gnolls (D:3)
  2 adders (D:2)
  3 river rats (D:3)
  2 worms (D:2)
  2 dart slugs
  An orc (D:3)
  4 bats
  6 endoplasms
  4 giant cockroaches
  6 goblins
  A hobgoblin (D:1)
  2 jackals (D:1)
  2 quokkas (D:1)
  5 ball pythons
  A frilled lizard (D:1)
  7 kobolds
  7 rats
57 creatures vanquished.

Notes
Turn   | Place    | Note
-------+----------+-------------------------------------------
     0 | D:1      | mortz the Octopode Conjurer began the quest for the Orb.
     0 | D:1      | Reached XP level 1. HP: 11/11 MP: 3/3
   320 | D:1      | Reached XP level 2. HP: 18/18 MP: 3/5
   323 | D:1      | Learned a level 2 spell: Searing Ray
   850 | D:1      | Reached skill level 1 in Fighting
  1017 | D:1      | Reached XP level 3. HP: 21/23 MP: 2/6
  1083 | D:1      | Found a faded altar of an unknown god.
  1531 | D:2      | Found a runed translucent door.
  1532 | D:2      | Noticed Crazy Yiuf
  1847 | D:2      | Reached XP level 4. HP: 28/28 MP: 0/7
  2895 | D:3      | Reached skill level 5 in Conjurations
  3138 | D:3      | Reached XP level 5. HP: 5/34 MP: 3/9
  3148 | D:3      | Found a glowing drain.
  3152 | D:3      | Slain by a worm

Illustrated notes

Levels and vault maps discovered:
D:1:      minmay_arrival_split_and_join, layout_basic,
          ebering_ecumenical_altar_box, minmay_misc_feat_secret_circle
D:2:      layout_loops_ring, st_stairs_8, corexii_corridor_pit,
          uniq_crazy_yiuf_cottage
D:3:      layout_basic, portal_sewer_entry_e

Skill      XL: |  1  2  3  4 |
---------------+-------------+-----
Fighting       | 1 2 |  2.1
Conjurations   | 5 |  5.2
Dodging        | |  2.0
Stealth        | |  2.6
Spellcasting   | |  2.8

Action                   |  1- 3 |  4- 6 || total
-------------------------+-------+-------++-------
Melee: Unarmed           |     4 |       ||     4
       Tentacles         |     3 |     6 ||     9
       Constrict         |     1 |     4 ||     5
       Dagger            |     1 |    22 ||    23
       Short sword       |     1 |       ||     1
 Cast: Magic Dart        |    70 |    40 ||   110
       Searing Ray       |       |     3 ||     3
  Use: Scroll            |       |     2 ||     2
       Potion            |       |     1 ||     1
 Stab: Sleeping          |     1 |     2 ||     3
Armor: Skin              |     3 |       ||     3
Dodge: Dodged            |    11 |    11 ||    22
